 Dungeon Crawl Stone Soup version 0.21.1-1-g345015fe64 (webtiles) character file.

13525 Dox the Blocker (level 12, -5/80 HPs)
             Began as a Gargoyle Fighter on Apr 29, 2018.
             Was a Believer of Ashenzari.
             Slain by a very large slime creature (27 damage)
             ... on level 12 of the Dungeon.
             The game lasted 00:58:18 (10097 turns).

Dox the Blocker (Gargoyle Fighter)                 Turns: 10097, Time: 00:58:18

Health: -5/80      AC: 27    Str: 21    XL:     12   Next: 6%
Magic:  0/15       EV:  9    Int:  9    God:    Ashenzari [**....]
Gold:   308        SH: 14    Dex: 17    Spells: 11/11 levels left

rFire    + . .     SeeInvis .   E - +2 flail (holy)
rCold    . . .     Gourm    .   m - +1 shield (curse)
rNeg     + + .     Faith    .   r - +0 plate armour
rPois    ∞         Spirit   +   (helmet restricted)
rElec    +         Reflect  .   g - scarf {Spirit} (curse)
rCorr    .         Harm     .   e - +0 pair of gloves (curse)
MR       .....                  C - +2 pair of boots (curse)
Stlth    ..........             (no amulet)
HPRegen  0.23/turn              i - +4 ring of dexterity (curse)
MPRegen  0.14/turn              s - ring of positive energy (curse)

@: no status effects
A: antennae 1, fire resistance 1, negative energy resistance 1, robust 1,
electricity resistance, wild magic 1, unbreathing, petrification resistance, rot
immunity, AC +8
a: Curse Item, Scrying, Renounce Religion


You were on level 12 of the Dungeon.
You worshipped Ashenzari.
Ashenzari was pleased with you.
You were near starving.

You visited 2 branches of the dungeon, and saw 13 of its levels.

You collected 668 gold pieces.
You spent 360 gold pieces at shops.

Inventory:

Hand Weapons
 d - a cursed +0 morningstar
 E - a +2 flail of holy wrath (weapon)
Missiles
 h - 237 stones (quivered)
 o - 4 tomahawks
 w - 10 javelins
Armour
 e - a cursed +0 pair of gloves (worn)
 g - a cursed scarf of spirit shield (worn)
 m - a cursed +1 shield (worn)
 r - a +0 plate armour (worn)
 y - a +2 robe of positive energy
 A - a +0 scale mail of cold resistance
 C - a cursed +2 pair of boots (worn)
Jewellery
 i - a cursed +4 ring of dexterity (left hand)
 k - the ring "Holeus" {Wiz rF++}
   (You took it off a centaur on level 10 of the Dungeon)

   [ring of wizardry]

   It improves your spell success rate.
   It greatly protects you from fire.
 s - a cursed ring of positive energy (right hand)
 x - an uncursed ring of protection from cold
Wands
 c - a wand of acid (3)
 D - a wand of clouds (2)
Scrolls
 n - 3 scrolls of identify
 t - 4 scrolls of remove curse
 z - 5 scrolls of teleportation
Potions
 a - 2 potions of invisibility
 b - 2 potions of mutation
 j - 2 potions of ambrosia
 q - a potion of lignification
 v - a potion of flight
 B - 4 potions of curing
Comestibles
 f - 31 rations


   Skills:
 * Level 7.8 Fighting
 * Level 10.6 Maces & Flails
 - Level 2.0 Throwing
 * Level 7.1(9.5) Armour
 * Level 6.1 Dodging
 * Level 10.8(12.1) Shields
 + Level 5.1(6.5) Evocations


You had 11 spell levels left.
You didn't know any spells.

Dungeon Overview and Level Annotations

Branches:
Dungeon (12/15)            Temple (1/1) D:6            Lair (0/6) D:11
    Orc (0/2) D:10

Altars:
Ashenzari
Cheibriados
Dithmenos
Elyvilon
Gozag
Kikubaaqudgha
Makhleb
Nemelex Xobeh
Okawaru
Qazlal
Ru
Sif Muna
Trog
Uskayaw
Vehumet
Wu Jian
Yredelemnul
Zin
The Shining One

Shops:
D:4 [:   D:6 !   D:7 %   D:9 %


Innate Abilities, Weirdness & Mutations

You are resistant to torment.
Your stone body is resilient. (AC +8)
You are immune to poison.
You resist negative energy. (rN+)
You are resistant to electric shocks. (rElec)
You can survive without breathing.
You are immune to petrification.
You are immune to rotting.
You have a pair of small antennae on your head.
Your flesh is heat resistant. (rF+)
You are robust. (+10% HP)
Your spells are a little harder to cast, but a little more powerful.


Message History

You bludgeon the very large slime creature!!
The very large slime creature is heavily wounded.
You sock the very large slime creature!
The very large slime creature is heavily wounded.
You sock the very large slime creature!
The very large slime creature is severely wounded.
You hit the very large slime creature.
The very large slime creature is severely wounded.
You block the very large slime creature's attack.
You barely miss the very large slime creature.
The very large slime creature is severely wounded.
The very large slime creature hits you!
* * * LOW HITPOINT WARNING * * *
You hit the very large slime creature.
The very large slime creature is severely wounded.
You block the very large slime creature's attack.
Your plate armour prevents you from hitting the very large slime creature.
The very large slime creature is severely wounded.
The very large slime creature hits you!!
You die...

* , ,, , , ##....
, , , +....# , , *
* , , , #....# , ,
, , , #....#, , **
+ * #....# * ,
#....##..
##.######........
.......@JY.......,
, ,,
##.######..#.###.
* , , #..# * * , ,
#..# * #..# * , ,
* * ** * #..# * ,
,, #..# , , , , *
* #..., , , , * *


You could see a very large slime creature and an ice beast.

Vanquished Creatures
  4 two-headed ogres
  An unseen horror (D:10)
  Pikel (D:7)
  An ugly thing (D:11)
  A centaur zombie (D:11)
  A manticore (D:11)
  Joseph (D:9)
  A gargoyle (D:10)
  A queen bee (D:9)
  3 trolls
  The ghost of Name63 the Skirmisher, an amateur FoAK of Lugonu (D:7)
  Prince Ribbit (D:7)
  A hippogriff (D:11)
  3 yaks (D:10)
  A wyvern (D:8)
  A steam dragon (D:10)
  A hungry ghost (D:11)
  Menkaure (D:7)
  4 wargs (D:10)
  3 orc warriors
  5 ice beasts
  A sky beast (D:7)
  5 ogres
  4 phantoms
  3 black bears
  4 centaurs
  4 big kobolds
  2 bullfrogs (D:11)
  Blork the orc (D:6)
  A wyvern skeleton (D:10)
  3 scorpions
  19 killer bees
  3 wights (D:10)
  4 howler monkeys
  3 crimson imps
  2 bullfrog zombies
  2 hounds
  5 jellies
  3 orc priests
  A bullfrog skeleton (D:4)
  A centaur skeleton (D:4)
  5 orc wizards
  3 iguanas
  6 worker ants
  A killer bee zombie (D:7)
  3 gnolls (D:7)
  A howler monkey skeleton (D:11)
  13 adders
  2 shadow imps
  An ooze (D:2)
  2 adder skeletons
  2 worms (D:3)
  A dart slug (D:1)
  7 leopard geckos
  25 orcs
  3 giant cockroaches
  2 gnoll zombies (D:5)
  8 goblins
  6 hobgoblins
  8 jackals
  36 kobolds
  5 quokkas
  2 ball pythons
  8 bats
  3 frilled lizards
  A leopard gecko skeleton (D:6)
  A quokka skeleton (D:5)
  10 rats
  A plant (D:4)
274 creatures vanquished.

Vanquished Creatures (others)
  An unseen horror (D:9)
  A hungry ghost (D:7)
  A slave (D:7)
3 creatures vanquished.

Grand Total: 277 creatures vanquished

Notes
Turn   | Place    | Note
-------+----------+-------------------------------------------
     0 | D:1      | Dox the Gargoyle Fighter began the quest for the Orb.
     0 | D:1      | Reached XP level 1. HP: 14/14 MP: 1/1
    41 | D:1      | Reached XP level 2. HP: 20/20 MP: 2/2
   491 | D:1      | Reached XP level 3. HP: 23/24 MP: 3/3
   544 | D:1      | You fall through a shaft!
   671 | D:2      | Found a deep blue altar of Sif Muna.
   830 | D:2      | Reached XP level 4. HP: 23/29 MP: 4/4
  1016 | D:2      | Reached skill level 1 in Throwing
  1626 | D:2      | Found a glowing golden altar of the Shining One.
  1857 | D:3      | Reached skill level 1 in Dodging
  1947 | D:3      | Reached XP level 5. HP: 27/33 MP: 5/5
  2327 | D:3      | Found an ancient bone altar of Kikubaaqudgha.
  2790 | D:4      | Reached XP level 6. HP: 33/38 MP: 6/6
  2826 | D:4      | Found a sacrificial altar of Ru.
  2912 | D:4      | Found Maudosmu's Antique Armour Shop.
  2920 | D:4      | Bought a chain mail for 94 gold pieces
  3416 | D:4      | Found Gewk's Book Boutique.
  3923 | D:5      | Entered Level 5 of the Dungeon
  3989 | D:5      | Reached XP level 7. HP: 16/44 MP: 7/7
  4328 | D:5      | Reached skill level 5 in Maces & Flails
  4518 | D:5      | Found a sparkling altar of Nemelex Xobeh.
  4665 | D:5      | Found an ornate altar of the Wu Jian Council.
  4721 | D:5      | Found a basalt altar of Yredelemnul.
  4837 | D:6      | Found Kewkaiju's Distillery.
  4839 | D:6      | Bought a potion of curing for 42 gold pieces
  4839 | D:6      | Bought 2 potions of mutation for 224 gold pieces
  4839 | D:6      | Gained mutation: Your spells are a little harder to cast, but a little more powerful. [potion of mutation]
  4839 | D:6      | Gained mutation: You are robust. (+10% HP) [potion of mutation]
  4839 | D:6      | Gained mutation: You have a pair of small antennae on your head. [potion of mutation]
  4839 | D:6      | Gained mutation: Your flesh is heat resistant. (rF+) [potion of mutation]
  4972 | D:6      | Reached XP level 8. HP: 52/52 MP: 8/8
  5058 | D:6      | Noticed Blork the orc
  5093 | D:6      | Reached skill level 5 in Fighting
  5119 | D:6      | Killed Blork the orc
  5276 | D:6      | Found an iron altar of Okawaru.
  5357 | D:6      | Reached skill level 1 in Evocations
  5450 | D:6      | Found a staircase to the Ecumenical Temple.
  5455 | D:6      | Reached skill level 5 in Shields
  5465 | Temple   | Entered the Ecumenical Temple
  5473 | Temple   | Became a worshipper of Ashenzari the Shackled
  5738 | D:6      | Reached skill level 5 in Armour
  5835 | D:7      | Noticed Prince Ribbit
  5869 | D:7      | Reached XP level 9. HP: 42/59 MP: 5/10
  5871 | D:7      | Killed Prince Ribbit
  5933 | D:7      | Noticed Name63's ghost (amateur FoAK)
  5941 | D:7      | Killed Name63's ghost
  5944 | D:7      | Found Ajeph's Food Shop.
  6098 | D:7      | Noticed Pikel
  6106 | D:7      | Noticed Menkaure
  6121 | D:7      | Killed Pikel
  6123 | D:7      | Killed Menkaure
  6473 | D:8      | Reached XP level 10. HP: 54/66 MP: 9/12
  6499 | D:8      | Noticed a two-headed ogre
  6526 | D:8      | Killed a two-headed ogre
  6823 | D:8      | Noticed a two-headed ogre
  6833 | D:8      | Killed a two-headed ogre
  6833 | D:8      | Reached skill level 5 in Dodging
  6978 | D:8      | Reached * piety under Ashenzari
  7329 | D:9      | Found Zurhum's Food Shop.
  7342 | D:9      | Killed an unseen horror
  7342 | D:9      | Reached XP level 11. HP: 48/72 MP: 11/14
  7434 | D:9      | Noticed Joseph
  7451 | D:9      | Killed Joseph
  7509 | D:9      | Found a snail-covered altar of Cheibriados.
  7757 | D:10     | Entered Level 10 of the Dungeon
  7840 | D:10     | Reached skill level 5 in Evocations
  7948 | D:10     | Killed an unseen horror
  7948 | D:10     | Reached skill level 10 in Shields
  8223 | D:10     | Identified the ring "Holeus" {Wiz rF++} (You took it off a centaur on level 10 of the Dungeon)
  8666 | D:10     | Found a staircase to the Orcish Mines.
  8825 | D:10     | Reached ** piety under Ashenzari
  9336 | D:11     | Noticed a manticore
  9337 | D:11     | Noticed a two-headed ogre
  9347 | D:11     | Killed a two-headed ogre
  9347 | D:11     | Reached skill level 10 in Maces & Flails
  9357 | D:11     | Killed a manticore
  9373 | D:11     | Found a staircase to the Lair.
  9491 | D:11     | Noticed a two-headed ogre
  9540 | D:11     | Killed a two-headed ogre
  9545 | D:11     | Reached XP level 12. HP: 12/80 MP: 3/15
 10097 | D:12     | Slain by a very large slime creature

Skill      XL: |  1  2  3  4  5  6  7  8  9 10 11 |
---------------+----------------------------------+-----
Fighting       | 4 5 6 7 |  7.8
Throwing       | 1 2 |  2.0
Dodging        | 1 2 3 4 5 6 |  6.1
Maces & Flails | 3 4 5 6 7 9 10 | 10.6
Armour         | 4 5 6 7 |  7.1
Shields        | 4 5 7 9 10 | 10.8
Evocations     | 2 3 4 5 |  5.1

Action                   |  1- 3 |  4- 6 |  7- 9 | 10-12 || total
-------------------------+-------+-------+-------+-------++-------
Melee: Flail             |   103 |   269 |   396 |   742 ||  1510
Throw: Stone             |       |    44 |    17 |    27 ||    88
Invok: Curse Item        |       |       |       |     3 ||     3
Evoke: Wand              |       |       |     3 |    18 ||    21
  Use: Scroll            |       |     9 |     9 |     6 ||    24
       Potion            |       |       |     2 |     1 ||     3
  Eat: Chunk             |       |     8 |     8 |    12 ||    28
       Ration            |       |     1 |       |       ||     1
Armor: Scale mail        |    50 |    91 |       |       ||   141
       Chain mail        |       |    36 |   220 |   182 ||   438
       Plate armour      |       |       |       |   173 ||   173
Dodge: Dodged            |    48 |   136 |   134 |   217 ||   535
Block: Shield            |    15 |       |   119 |   490 ||   624
       Buckler           |    15 |    53 |    45 |       ||   113
